 Dungeon Crawl Stone Soup version 0.19-a0-1792-g28b16ba (webtiles) character file.

60 twist the Chucker (level 4, -2/48 HPs)
             Began as an Ogre Hunter on Oct 4, 2016.
             Slain by a gnoll
             ... wielding a +0 spear
              (8 damage)
             ... on level 2 of the Dungeon.
             The game lasted 00:03:25 (1137 turns).

twist the Chucker (Ogre Hunter)                     Turns: 1137, Time: 00:03:26

Health: -2/48      AC:  3    Str: 18    XL:     4   Next: 6%
Magic:  4/4        EV: 10    Int: 10    God:
Gold:   54         SH:  0    Dex: 10    Spells: 0 memorised, 3 levels left

rFire  . . .     SeeInvis .     e - +0 club
rCold  . . .     Gourm    .     b - +0 robe
rNeg   . . .     Faith    .     (no shield)
rPois  .         Spirit   .     (helmet restricted)
rElec  .         Dismiss  .     (no cloak)
rCorr  .         Reflect  .     (gloves unavailable)
MR     .....     Harm     .     (boots unavailable)
Stlth  +.........               (no amulet)
                                (no ring)
                                (no ring)

@: no status effects
A: unfitting armour, tough skin 1
a: no special abilities


You were on level 2 of the Dungeon.
You were not hungry.

You visited 1 branch of the dungeon, and saw 2 of its levels.

You collected 54 gold pieces.

Inventory:

Hand Weapons
 e - a +0 club (weapon)
Armour
 b - a +0 robe (worn)
Jewellery
 h - an uncursed ring of resist corrosion {unknown}
Scrolls
 a - a scroll of enchant armour {unknown}
 k - 3 scrolls of identify {unknown}
 l - a scroll of magic mapping {unknown}
Potions
 g - a potion of brilliance {unknown}
 i - a potion of curing {unknown}
Books
 m - a book of Changes

   Spells                             Type                      Level
   a - Beastly Appendage              Transmutation                1
   b - Sticks to Snakes               Transmutation                2
   c - Spider Form                    Transmutation/Poison         3
   d - Ice Form                       Ice/Transmutation            4
   e - Blade Hands                    Transmutation                5
Comestibles
 f - 2 bread rations
 j - 12 chunks of flesh


   Skills:
 + Level 4.0 Fighting
 + Level 3.6 Maces & Flails
 - Level 4.0 Throwing
 - Level 1.7 Dodging
 - Level 0.7 Stealth


You had 3 spell levels left.
You didn't know any spells.

Dungeon Overview and Level Annotations

Branches:
Dungeon (2/15)

Altars:


Innate Abilities, Weirdness & Mutations

You are too large for most types of armour.
You have tough skin. (AC +1)


Message History

You hit the gnoll but do no damage.
The gnoll struggles against the net.
You hit the gnoll but do no damage.
The gnoll struggles against the net.
You hit the gnoll.
The gnoll is moderately wounded.
The gnoll struggles against the net.
The net rips apart, and the gnoll comes free!
You barely miss the gnoll.
The gnoll is moderately wounded.
The gnoll hits you but does no damage.
You hit the gnoll.
The gnoll is heavily wounded.
The gnoll completely misses you.
You hit the gnoll but do no damage.
The gnoll is heavily wounded.
The gnoll hits you with a spear.
* * * LOW HITPOINT WARNING * * *
You hit the gnoll but do no damage.
The gnoll is heavily wounded.
The gnoll hits you with a spear!
You die...

#.# #.# #.# #.#
# #.# #.# #.
#.# #.#
#####.#######.#
#)#
..............#
#.#
######.#######
#.# #@# #g# #.#
# #.# ##> #.#
#...##.###
#..?(..#
#g..##.#.#
....g ..#.#


You could see a gnoll.

Vanquished Creatures
  2 gnolls (D:2)
  A dart slug (D:1)
  A leopard gecko (D:1)
  5 bats
  2 giant cockroaches (D:1)
  5 goblins (D:1)
  7 hobgoblins
  A jackal (D:1)
  A ball python (D:1)
  3 frilled lizards (D:1)
  4 kobolds (D:1)
  5 rats
37 creatures vanquished.

Notes
Turn   | Place    | Note
-------+----------+-------------------------------------------
     0 | D:1      | twist the Ogre Hunter began the quest for the Orb.
     0 | D:1      | Reached XP level 1. HP: 22/22 MP: 1/1
    76 | D:1      | Reached skill level 1 in Maces & Flails
   306 | D:1      | Reached XP level 2. HP: 18/31 MP: 2/2
   763 | D:1      | Reached XP level 3. HP: 39/39 MP: 3/3
  1125 | D:2      | Reached XP level 4. HP: 15/48 MP: 4/4
  1137 | D:2      | Slain by a gnoll

Vault maps used:
D:1:      dpeg_arrival_three_smaller_balls, minmay_misc_feat_enclosed,
          st_stairs_10, minivault_19, minmay_misc_feat_rows
D:2:      uniq_natasha

Skill      XL: |  1  2  3 |
---------------+----------+-----
Fighting       | 3 4 |  4.0
Maces & Flails | 1 2 3 |  3.6
Throwing       | |  4.0
Dodging        | |  1.7
Stealth        | |  0.7

Action                   |  1- 3 |  4- 6 || total
-------------------------+-------+-------++-------
Melee: Club              |   139 |     7 ||   146
       Short sword       |     5 |       ||     5
Throw: Large rock        |     3 |     2 ||     5
       Throwing net      |       |     2 ||     2
 Stab: Sleeping          |     2 |       ||     2
  Eat: Chunk             |     1 |       ||     1
Armor: Robe              |    48 |     1 ||    49
Dodge: Dodged            |    75 |     3 ||    78
